 Dungeon Crawl Stone Soup version 0.22-a0-872-g6a232dd (webtiles) character file.

522934 Mace the Omniscient (level 25, -19/203 HPs)
             Began as a Gnoll Earth Elementalist on July 26, 2018.
             Was the Champion of Ashenzari.
             Killed from afar by a tengu reaver (45 damage)
             ... with a bolt of magma
             ... on level 5 of the Vaults on July 28, 2018.
             The game lasted 21:02:59 (78896 turns).

Mace the Omniscient (Gnoll Earth Elementalist)     Turns: 78896, Time: 21:03:00

Health: -19/203    AC: 17    Str: 26    XL:     25   Next: 95%
Magic:  3/43       EV: 21    Int: 23    God:    Ashenzari [******]
Gold:   1482       SH: 26    Dex: 18    Spells: 6/57 levels left

rFire    . . .     SeeInvis +   a - +9 eveningstar (drain)
rCold    + . .     Gourm    .   L - +4 shield of Qeacio Fidei {rElec Regen+ Stlth+}
rNeg     + + +     Faith    .   A - +5 chain mail of the Devil {rN++ MR+ Regen+}
rPois    .         Spirit   .   e - +2 hat {MR+} (curse)
rElec    +         Reflect  +   o - +2 cloak of the Modern Songs {+Fly rElec Stlth+}
rCorr    +         Harm     .   z - +2 pair of gloves {Str+3} (curse)
MR       +++..     Clarity  +   t - +4 pair of boots of Soemico {rN+} (curse)
Stlth    ++++++....             x - +3 amulet of reflection (curse)
HPRegen  2.23/turn              j - ring of Semec {rElec rC+ Str+4 Dex+4}
MPRegen  0.28/turn              r - ring of resist corrosion

@: death channel, corroded, regenerating, studying Translocations
A: distributed training, fangs 1, large bone plates 1, rugged brown scales 1,
berserk 1, blurry vision 2, clumsy 1, mutation resistance 1, sense surroundings
1, strong 1, strong nose
}: 2/15 runes: decaying, serpentine
a: Curse Item, Scrying, Renounce Religion, Evoke Flight


You were on level 5 of the Vaults.
You worshipped Ashenzari.
Ashenzari was exalted by your worship.
You were not hungry.

You visited 9 branches of the dungeon, and saw 49 of its levels.
You also visited: Sewer, Ossuary, Volcano and Wizlab.

You collected 6938 gold pieces.
You spent 5456 gold pieces at shops.

Inventory:

Hand Weapons
 a - a +9 eveningstar of draining (weapon)
 b - the +11 trident "Jiusudgh" {drain, +Inv rPois MP-9 Int+4}
   (You found it on level 7 of the Dungeon)

   A truly terrible weapon, it drains the life of those it strikes.
   It affects your intelligence (+4).
   It protects you from poison.
   It affects your magic capacity (-9).
   It lets you turn invisible.
 c - a +2 vampiric long sword
 w - the +8 falchion of Amortisation {holy, rF+ Int+2 Dex+4}
   (You took it off a deep elf demonologist on level 3 of the Elven Halls)

   It has been blessed by the Shining One to cause great damage to the undead
   and demons.
   It affects your intelligence (+2).
   It affects your dexterity (+4).
   It protects you from fire.
Missiles
 i - 5 silver tomahawks (quivered)
 k - 849 stones
 B - 12 tomahawks of dispersal
Armour
 e - a cursed +2 hat of magic resistance (worn)
 o - the +2 cloak of the Modern Songs (worn) {+Fly rElec Stlth+}
   (You found it in a wizard's laboratory)

   It insulates you from electricity.
   It lets you fly.
   It makes you more stealthy.
 t - the cursed +4 pair of boots of Soemico (worn) {rN+}
   (You bought it in a shop on level 2 of the Vaults)

   It protects you from negative energy.
   It has a curse placed upon it.
 z - a cursed +2 pair of gloves of strength (worn)
 A - the +5 chain mail of the Devil (worn) {rN++ MR+ Regen+}
   (You took it off a deep elf master archer on level 3 of the Elven Halls)

   It greatly protects you from negative energy.
   It affects your resistance to hostile enchantments.
   It increases your rate of regeneration.
 L - the +4 shield of Qeacio Fidei (worn) {rElec Regen+ Stlth+}
   (You found it on level 4 of the Swamp)

   It insulates you from electricity.
   It increases your rate of regeneration.
   It makes you more stealthy.
Jewellery
 j - the ring of Semec (left hand) {rElec rC+ Str+4 Dex+4}
   (You took it off a deep elf elementalist on level 3 of the Elven Halls)

   [ring of dexterity]

   It affects your strength (+4).
   It affects your dexterity (+4).
   It protects you from cold.
   It insulates you from electricity.
 m - the ring of Ongellid {+Fly rF+ Int+3}
   (You found it on level 3 of the Snake Pit)

   [ring of intelligence]

   It affects your intelligence (+3).
   It protects you from fire.
   It lets you fly.
 p - an uncursed ring of wizardry
 r - a ring of resist corrosion (right hand)
 x - a cursed +3 amulet of reflection (around neck)
 Q - the ring of Fucucih {+Fly rN+ MR+ Dex+3}
   (You bought it in a shop on level 2 of the Vaults)

   [ring of dexterity]

   It affects your dexterity (+3).
   It protects you from negative energy.
   It affects your resistance to hostile enchantments.
   It lets you fly.
Wands
 f - a wand of digging (58)
 v - a wand of iceblast (23)
 y - a wand of clouds (9)
 J - a wand of disintegration (23)
 K - a wand of paralysis (15)
 N - a wand of acid (33)
 S - a wand of polymorph (30)
 X - a wand of scattershot (4)
 Z - a wand of enslavement (32)
Scrolls
 h - 8 scrolls of fog
 n - 6 scrolls of fear
 q - 16 scrolls of teleportation
 u - 8 scrolls of blinking
 Y - a scroll of identify
Potions
 d - 4 potions of invisibility
 g - 2 potions of haste
 l - 5 potions of might
 s - 3 potions of cancellation
 C - 5 potions of heal wounds
 D - 2 potions of agility
 F - 4 potions of magic
 H - 4 potions of berserk rage
 M - 12 potions of curing
 P - 3 potions of resistance
 U - 9 potions of brilliance
Books
 I - a manual of Translocations
Miscellaneous
 O - a lightning rod (4/4)
 R - a crystal ball of energy
Comestibles
 E - 4 chunks of flesh
 V - 33 rations


   Skills:
 + Level 16.3 Fighting
 + Level 16.3 Short Blades
 + Level 16.3 Long Blades
 + Level 16.3 Axes
 + Level 16.3 Maces & Flails
 + Level 16.3 Polearms
 + Level 16.3 Staves
 + Level 16.3 Slings
 + Level 16.3 Bows
 + Level 16.3 Crossbows
 + Level 16.3 Throwing
 + Level 16.3(20.2) Armour
 + Level 16.8 Dodging
 + Level 16.7 Stealth
 + Level 16.3 Shields
 + Level 16.3 Unarmed Combat
 + Level 16.9 Spellcasting
 + Level 14.1 Conjurations
 + Level 14.1 Hexes
 + Level 14.1 Charms
 + Level 14.1 Summonings
 + Level 14.1 Necromancy
 + Level 14.9 Translocations
 + Level 14.2 Transmutations
 + Level 14.1 Fire Magic
 + Level 14.1 Ice Magic
 + Level 14.1 Air Magic
 + Level 14.9 Earth Magic
 + Level 14.1 Poison Magic
 + Level 17.6 Invocations
 + Level 16.3 Evocations


You had 6 spell levels left.
You knew the following spells:

 Your Spells              Type           Power        Failure   Level  Hunger
a - Animate Skeleton      Necr           N/A          1%          1    None
b - Blink                 Tloc           N/A          1%          2    None
c - Borgnjor's Vile Clut  Necr/Erth      ######....   1%          5    #......
d - Dispel Undead         Necr           ######..     1%          5    #......
f - Throw Frost           Conj/Ice       ######       1%          2    None
g - Summon Guardian Gole  Hex/Summ       ######..     1%          3    None
j - Conjure Flame         Conj/Fire      ######..     1%          3    None
k - Airstrike             Air            ######....   1%          4    None
l - Summon Lightning Spi  Summ/Air       ######..     1%          4    None
m - Mephitic Cloud        Conj/Pois/Air  ######..     1%          3    None
o - Ozocubu's Armour      Chrm/Ice       ######..     1%          3    None
r - Regeneration          Chrm/Necr      ######....   1%          3    None
w - Passwall              Tmut/Erth      ######..     1%          2    None
z - Shock                 Conj/Air       ####         1%          1    None
D - Death Channel         Necr           ######....   3%          6    ####...
R - Stone Arrow           Conj/Erth      ######       1%          3    None
Z - Sandblast             Erth           ######       1%          1    None

Your spell library contained the following spells:

 Spells                   Type           Power        Failure   Level  Hunger
 Cause Fear               Hex            ######....   1%          4    None
 Magic Dart               Conj           ####         1%          1    None
 Fireball                 Conj/Fire      ######....   1%          5    #......
 Apportation              Tloc           ######       1%          1    None
 Bolt of Cold             Conj/Ice       ######....   3%          6    ####...
 Lightning Bolt           Conj/Air       ######....   1%          5    #......
 Bolt of Magma            Conj/Fire/Erth ######....   1%          5    #......
 Slow                     Hex            ######..     1%          2    None
 Confuse                  Hex            ######..     1%          3    None
 Invisibility             Hex            ######..     3%          6    ####...
 Throw Flame              Conj/Fire      ######       1%          2    None
 Freezing Cloud           Conj/Ice/Air   ######....   3%          6    ####...
 Venom Bolt               Conj/Pois      ######....   1%          5    #......
 Summon Small Mammal      Summ           ####         1%          1    None
 Bolt of Draining         Conj/Necr      ######....   1%          5    #......
 Lehudib's Crystal Spear  Conj/Erth      ######....   80%         8    #######
 Fire Storm               Conj/Fire      ######....   100%        9    #######
 Iskenderun's Mystic Bla  Conj           ######..     1%          4    None
 Animate Dead             Necr           N/A          1%          4    None
 Pain                     Necr           ####         1%          1    None
 Vampiric Draining        Necr           ######....   1%          3    None
 Freeze                   Ice            ####         1%          1    None
 Ozocubu's Refrigeration  Ice            ######....   3%          6    ####...
 Sticky Flame             Conj/Fire      ######..     1%          4    None
 Summon Ice Beast         Ice/Summ       ######..     1%          4    None
 Call Imp                 Summ           ######..     1%          2    None
 Poison Arrow             Conj/Pois      ######....   3%          6    ####...
 Sublimation of Blood     Necr           ######....   1%          2    None
 Tukima's Dance           Hex            ######..     1%          3    None
 Corpse Rot               Necr           N/A          1%          2    None
 Iron Shot                Conj/Erth      ######....   3%          6    ####...
 Swiftness                Chrm/Air       ######..     1%          2    None
 Agony                    Necr           ######..     1%          5    #......
 Statue Form              Tmut/Erth      ######...    3%          6    ####...
 Ice Form                 Ice/Tmut       ######..     1%          4    None
 Dragon Form              Tmut           ######....   21%         7    ######.
 Deflect Missiles         Chrm/Air       ######....   3%          6    ####...
 Throw Icicle             Conj/Ice       ######..     1%          4    None
 Glaciate                 Conj/Ice       ######....   100%        9    #######
 Shadow Creatures         Summ           N/A          3%          6    ####...
 Flame Tongue             Conj/Fire      #####        1%          1    None
 Call Canine Familiar     Summ           ######..     1%          3    None
 Ensorcelled Hibernation  Hex/Ice        ######       1%          2    None
 Metabolic Englaciation   Hex/Ice        ######....   1%          5    #......
 Summon Butterflies       Summ           ######..     1%          1    None
 Silence                  Hex/Air        ######....   1%          5    #......
 Shatter                  Erth           ######....   100%        9    #######
 Static Discharge         Conj/Air       ######..     1%          3    None
 Corona                   Hex            ######.      1%          1    None
 Alistair's Intoxication  Tmut/Pois      ######..     1%          5    #......
 Lee's Rapid Deconstruct  Erth           ######....   1%          5    #......
 Simulacrum               Ice/Necr       ######....   3%          6    ####...
 Conjure Ball Lightning   Conj/Air       ######....   3%          6    ####...
 Chain Lightning          Conj/Air       ######....   86%         8    #######
 Excruciating Wounds      Chrm/Necr      ######....   1%          5    #......
 Portal Projectile        Hex/Tloc       ######       1%          3    None
 Petrify                  Tmut/Erth      ######..     1%          4    None
 Passage of Golubria      Tloc           N/A          1%          4    None
 Orb of Destruction       Conj           ######....   22%         7    ######.
 Malign Gateway           Summ/Tloc      ######....   19%         7    ######.
 Tornado                  Air            ######....   100%        9    #######
 Leda's Liquefaction      Hex/Erth       ######....   1%          4    None
 Summon Hydra             Summ           ######....   22%         7    ######.
 Darkness                 Hex            ######....   3%          6    ####...
 Shroud of Golubria       Chrm/Tloc      ######....   1%          2    None
 Inner Flame              Hex/Fire       ######..     1%          3    None
 Iskenderun's Battlesphe  Conj/Chrm      ######..     1%          5    #......
 Fulminant Prism          Conj/Hex       ######....   1%          4    None
 Dazzling Spray           Conj/Hex       ######       1%          3    None
 Force Lance              Conj/Tloc      ######..     1%          4    None
 Song of Slaying          Chrm           ######..     1%          2    None
 Spectral Weapon          Hex/Chrm       ######..     1%          3    None
 Searing Ray              Conj           ######       1%          2    None
 Discord                  Hex            ######....   86%         8    #######
 Summon Forest            Summ/Tloc      ######....   1%          5    #......
 Spellforged Servitor     Conj/Summ      ######....   22%         7    ######.
 Summon Mana Viper        Hex/Summ       ######..     1%          5    #......
 Hydra Form               Tmut           ######....   3%          6    ####...
 Irradiate                Conj/Tmut      ######....   1%          5    #......
 Yara's Violent Unravell  Hex/Tmut       ######....   1%          5    #......
 Lesser Beckoning         Tloc           ######....   1%          3    None


Dungeon Overview and Level Annotations

Branches:
Dungeon (15/15)            Temple (0/1) D:7            Lair (6/6) D:10
  Swamp (4/4) Lair:2        Snake (4/4) Lair:3        Slime (5/5) Lair:5
    Orc (2/2) D:12            Elf (3/3) Orc:2        Vaults (5/5) D:13
  Crypt (0/3) Vaults:2     Depths (5/5) D:15            Zot (0/5) Depths:5

Altars:
Ashenzari
Fedhas
Gozag
Makhleb
Okawaru
Ru
Sif Muna
Vehumet
Xom
Beogh
Jiyva

Shops:
D:5 [   D:7 *=?*   D:9 ??*(   D:14 %   D:15 *   Orc:1 *   Orc:2 ?![}
Elf:1 **%   Elf:3 =}=   Snake:4 *   Vaults:1 [   Vaults:2 !==[[   Vaults:4 :
Depths:4 [

Portals:
Hell: Depths:1 Depths:2 Depths:3 Depths:4 Depths:5
Abyss: Depths:4
Pandemonium: Orc:2 Depths:1 Depths:2 Depths:3 Depths:4
Ziggurat: Depths:2

Annotations:
Slime:5 Royal Jelly


Innate Abilities, Weirdness & Mutations

Your experience applies equally to all skills.
You have very sharp teeth.
Your uncanny sense of smell can sniff out nearby items.
You are partially covered in large bone plates. (SH +4)
You are partially covered in rugged brown scales. (AC +1, +3% HP)
You tend to lose your temper in combat.
Scrolls take you longer to read.
You are clumsy. (Dex -2)
You are somewhat resistant to further mutation.
You passively map a small area around you.
Your muscles are strong. (Str +2)


Message History

The barrage of energy hits you! You block the vault guard's attack.
Your spectral very ugly thing hits the tengu reaver!
Your spectral tengu reaver misses the tengu reaver.
Your spectral tengu reaver closely misses the tengu reaver.
The tengu reaver blocks your spectral tengu reaver's attack.
You see here 4 inedible chunks of flesh.
You swap places.
The tengu reaver misses you.
The tengu reaver hits your spectral tengu reaver with a war axe!
The tengu reaver hits your spectral very ugly thing with a war axe.
You block the tengu reaver's attack. x2
The ettin hits your spectral tengu reaver with a dire flail!!!
Your spectral tengu reaver is destroyed!
You sock the tengu reaver! You drain the tengu reaver!
The tengu reaver is severely wounded.
The ettin seems less drained.
You sock the tengu reaver!
The tengu reaver is severely wounded.
The tengu reaver gestures at you while chanting.
The bolt of magma hits you!
You die...

#### ##### ##### ######
####### #######
########################***
* *
†..*.c)(?.oDop*Z@.......,
,,, ,,,
..sD.).)..)scuCQZ......., ,
,,
####################....,,,,
{{...§.,, ,, , , , ,...,,,,
, {{..... , ,{{,,,,, ,* . ,*
####.(#*** ,, * ,, ,* ,, ,
.φ.#{.# , *,∩{*, ,* , ,, , ,
...#..#,, , * , , ****,
#'##..# ' , ** ,,,* , ,,,*


You could see a storm dragon, a tengu reaver, a yaktaur captain, a vault guard,
an orc knight, a cyan ugly thing, an ettin, a tarantella, a battlesphere, an
orc, a friendly spectral very ugly thing and a friendly very ugly thing
skeleton.

Vanquished Creatures
  An ancient lich (Vaults:5)
  Frederick (Vaults:3)
  A caustic shrike (Depths:4)
  3 golden dragons
  A bone dragon (Swamp:4)
  the Enchantress (Depths:4)
  4 liches
  2 tentacled monstrosities
  A deep elf blademaster (Elf:3)
  A quicksilver dragon (Depths:5)
  Asterion (Elf:1)
  An eldritch tentacle (WizLab)
  4 sphinxes
  24 acid blobs
  3 thorn hunters
  Frances (D:12)
  6 tengu reavers
  A tentacled starspawn (WizLab)
  2 shadow dragons (Vaults:5)
  9 azure jellies
  6 fire giants
  Roxanne (Swamp:1)
  4 frost giants
  8 nagarajas
  3 iron dragons
  6 deep elf sorcerers
  3 orc warlords
  13 vault wardens
  The ghost of Fesu the Lord of Darkness, a journeyman DsNe of Kikubaaqudgha (Orc:1)
  3 deep elf elementalists (Elf:3)
  A curse skull (Vaults:2)
  Aizul (Snake:2)
  A draconian shifter (WizLab)
  2 spriggan defenders (Depths:4)
  9 ironheart preservers
  15 stone giants
  A vampire knight (Depths:5)
  A war gargoyle (Vaults:5)
  21 very ugly things
  7 deep elf demonologists
  3 spark wasps
  Azrael (Orc:2)
  8 deep elf annihilators
  A white draconian (Depths:5)
  6 ettins
  3 deep elf death magi
  8 yaktaur captains
  6 fire dragons
  2 deep elf high priests
  The ghost of meatyocre the Grappler, a journeyman TrFi of Uskayaw (D:11)
  11 great orbs of eyes
  9 naga warriors
  4 ghost crabs
  4 ice dragons
  17 vault guards
  3 rakshasas
  5 spriggan air magi
  A caustic shrike simulacrum (Depths:2)
  7 centaur warriors
  13 anacondas
  8 hydras
  36 two-headed ogres
  5 alligators
  27 dancing weapons
  4 deep troll earth magi
  5 deep troll shamans
  4 tengu warriors
  2 catoblepae
  11 ogre magi
  10 orc high priests
  Urug (Lair:2)
  8 naga sharpshooters
  A vampire mage (Depths:2)
  7 shock serpents
  2 spriggan berserkers
  A titan zombie (Depths:2)
  12 deep elf knights
  2 thrashing horrors (WizLab)
  A sun demon (Depths:1)
  A soul eater (Orc:2)
  Nergalle (Lair:3)
  2 sixfirhies
  A salamander mystic (Snake:4)
  3 hell knights (Depths:5)
  2 skeletal warriors
  An unseen horror (shapeshifter) (Vaults:3)
  A fire crab (Lair:6)
  An infernal demonspawn (Orc:2)
  4 spriggan druids
  3 sea snakes (Snake:3)
  6 wizards
  13 deep trolls
  Pikel (D:7)
  2 obsidian statues
  8 naga ritualists
  2 gelid demonspawn (Orc:2)
  An orange crystal statue (Depths:1)
  8 ironbrand convokers
  7 deep elf archers
  5 glowing orange brains
  3 spectral hydras (Swamp:4)
  5 necromancers
  4 phantasmal warriors (Vaults:5)
  22 orc knights
  3 lindwurms
  4 shambling mangroves
  9 harpies
  29 deep elf magi
  10 mana vipers
  4 oklob plants
  2 wolf spiders
  11 orc sorcerers
  A manticore (D:13)
  10 shining eyes
  26 elephants
  A frost giant zombie (Depths:2)
  26 ugly things
  A worldbinder (WizLab)
  3 cyclopes
  10 vault sentinels
  10 salamanders
  12 guardian serpents
  A frost giant skeleton (Depths:2)
  28 black mambas
  Joseph (D:8)
  An orange demon (Orc:2)
  16 naga magi
  A small abomination (Depths:2)
  2 gargoyles
  8 molten gargoyles
  11 spiny frogs
  An eye of devastation (shapeshifter) (D:15)
  A torpor snail (Lair:6)
  An eye of devastation (Lair:5)
  A kobold demonologist (D:11)
  4 efreet
  A demonspawn skeleton (WizLab)
  3 swamp worm zombies (Swamp:4)
  10 komodo dragons
  2 centaur skeletons (D:14)
  2 demonic crawlers (WizLab)
  3 rime drakes
  5 freezing wraiths
  A spriggan skeleton (Depths:2)
  36 yaktaurs
  8 hydra zombies
  A tormentor (Depths:4)
  2 hellwings (WizLab)
  A tengu conjurer (Depths:1)
  An ancient zyme (WizLab)
  2 meliai (shapeshifter)
  8 trolls
  A red devil (Orc:2)
  3 wind drakes (Depths:3)
  A polar bear (shapeshifter) (Depths:3)
  9 blink frogs
  4 tyrant leeches
  9 bog bodies
  127 slime creatures
  2 spectral swamp dragons (Swamp:4)
  A raiju (WizLab)
  16 hornets
  10 hippogriffs
  A hippogriff (shapeshifter) (Vaults:2)
  3 alligator zombies (Swamp:4)
  A flying skull (Vaults:2)
  6 air elementals
  2 redbacks (Vaults:5)
  2 shadows
  4 spriggans
  7 water elementals
  A tarantella (Vaults:5)
  2 vampires
  2 ynoxinuls
  10 fire elementals
  28 yaks
  4 wraiths
  A yak (shapeshifter) (Depths:2)
  2 wyverns (Lair:6)
  3 basilisks
  3 hungry ghosts
  4 golden eyes (Slime:5)
  8 humans (D:13)
  Grum (D:11)
  A human simulacrum (Vaults:2)
  A vampire mosquito (Swamp:4)
  A chaos spawn (WizLab)
  4 spatial vortices (WizLab)
  9 swamp worms
  10 wargs
  2 soldier ants (D:10)
  7 insubstantial wisps
  6 water moccasins
  4 hell hounds
  40 nagas
  An acid dragon (Vaults:2)
  A porcupine (shapeshifter) (Depths:4)
  7 porcupines
  Purgy (Sewer)
  An ice beast (D:12)
  An ice beast (shapeshifter) (Vaults:4)
  3 sky beasts
  10 eyes of draining
  4 swamp drakes
  71 orc warriors
  A black bear (D:9)
  36 ogres
  7 phantoms
  5 boggarts
  An ogre (shapeshifter) (Vaults:4)
  28 wolves
  A wolf (shapeshifter) (Depths:1)
  15 centaurs
  7 crocodiles
  2 elf zombies (Ossuary)
  18 bullfrogs
  13 earth elementals
  5 scorpions
  2 wyvern skeletons
  12 killer bees
  2 wights (D:15)
  2 howler monkeys
  2 electric eels (Lair:2)
  4 lava snakes (Lair:6)
  9 centaur zombies
  4 crimson imps
  2 bullfrog zombies
  A hound (D:14)
  28 orc wizards
  A quasit (D:9)
  37 orc priests
  15 jellies
  4 bullfrog skeletons
  A gnoll shaman (D:8)
  2 iron imps
  Ijyb (D:3)
  5 iguanas
  A spectral swamp drake (Swamp:4)
  15 worker ants
  2 ogre zombies (Ossuary)
  6 mummies (Ossuary)
  A howler monkey zombie (D:10)
  Robin (D:2)
  13 gnolls
  A swamp drake zombie (Swamp:2)
  14 adders
  3 shadow imps
  2 ufetubi
  19 oozes
  2 adder zombies (Ossuary)
  2 worms (D:2)
  A dart slug (D:2)
  8 leopard geckos
  126 orcs
  2 ball pythons
  11 bats
  4 giant cockroaches
  16 goblins
  20 hobgoblins
  9 jackals
  6 quokkas
  8 frilled lizards
  4 goblin zombies (Ossuary)
  3 hobgoblin zombies (Ossuary)
  12 kobolds
  3 kobold zombies (Ossuary)
  4 quokka zombies (Ossuary)
  6 rats
  7 rat zombies (Ossuary)
  A crawling corpse (Depths:2)
  6 fire vortices
  2 fungi
  2 plants
  A starspawn tentacle (WizLab)
1957 creatures vanquished.

Vanquished Creatures (collateral kills)
  Mara (Depths:1)
  Bai Suzhen (Depths:2)
  Vashnia (Snake:3)
  Xtahua (Depths:4)
  A caustic shrike (Depths:4)
  A golden dragon (Depths:4)
  2 liches
  A tentacled monstrosity (Depths:5)
  A deep elf blademaster (Elf:3)
  A deep elf master archer (Elf:3)
  Gastronok (Lair:2)
  A tentacled starspawn (WizLab)
  A thorn hunter (Swamp:4)
  Agnes (Snake:4)
  3 storm dragons
  A shadow dragon (Depths:5)
  2 frost giants
  A tengu reaver (Depths:4)
  4 nagarajas (Snake:4)
  A draconian monk (Depths:5)
  A vault warden (Vaults:5)
  2 deep elf sorcerers (Elf:3)
  5 fire giants
  A balrug (Depths:1)
  An orc warlord (Vaults:4)
  A deep elf elementalist (Vaults:5)
  2 ironheart preservers
  A spriggan defender (Depths:4)
  3 vampire knights
  6 stone giants
  An entropy weaver (Vaults:5)
  13 very ugly things
  A green draconian (Depths:5)
  A purple draconian (Depths:5)
  A deep elf demonologist (Vaults:3)
  A white draconian (Depths:5)
  A spark wasp (Depths:5)
  3 red draconians (Depths:5)
  6 ettins
  Josephine (Swamp:1)
  3 deep elf death magi
  6 fire dragons
  2 small abominations (Depths:2)
  3 deep elf high priests (Elf:3)
  3 great orbs of eyes
  2 yaktaur captains (Depths:5)
  Harold (D:7)
  2 anacondas (Snake:4)
  5 ice dragons
  4 naga warriors
  6 vault guards
  2 hydras (Lair:5)
  2 rakshasas
  4 spriggan air magi
  2 centaur warriors
  A deep troll shaman (Depths:4)
  3 alligators
  4 two-headed ogres
  4 deep troll earth magi
  2 ogre magi
  9 naga sharpshooters
  3 spriggan berserkers
  A hell knight (Depths:5)
  A tengu warrior (Depths:2)
  A sun demon (Depths:1)
  6 deep elf knights
  4 skeletal warriors (D:15)
  An iron troll (Depths:4)
  A death drake (Swamp:3)
  2 flayed ghosts
  A glowing orange brain (Slime:3)
  15 deep trolls
  A spriggan druid (Swamp:3)
  5 wizards
  6 deep elf archers
  An obsidian statue (D:13)
  An infernal demonspawn (Depths:4)
  A tengu zombie (Depths:2)
  An ironbrand convoker (Vaults:4)
  2 mana vipers
  3 orc knights
  A shambling mangrove (Swamp:3)
  6 swamp dragons
  3 necromancers
  A lindwurm (Volcano)
  13 ugly things
  23 deep elf magi
  A moth of wrath (shapeshifter) (Depths:4)
  An elephant (Lair:5)
  An orc sorcerer (Elf:3)
  A stone giant zombie (Depths:2)
  4 oklob plants (Lair:5)
  A manticore (D:15)
  6 guardian serpents (Snake:4)
  Psyche (D:10)
  4 naga magi
  2 vault sentinels
  7 black mambas
  A spiny frog (Swamp:4)
  A centaur skeleton (D:11)
  A komodo dragon (Lair:6)
  18 yaktaurs
  A freezing wraith (Vaults:2)
  A hellwing (Depths:4)
  An ancient zyme (WizLab)
  A tengu conjurer (Depths:4)
  6 hornets
  3 trolls
  A tyrant leech (Swamp:2)
  An alligator zombie (Swamp:4)
  2 blink frogs
  A hippogriff (D:10)
  4 bog bodies
  23 slime creatures
  A spriggan zombie (Depths:2)
  An ettin zombie (Depths:2)
  4 water elementals
  A shadow (D:11)
  A wraith (D:14)
  2 basilisks (Lair:5)
  10 spriggans
  A golden eye (shapeshifter) (Depths:3)
  2 vampire mosquitoes (Swamp:4)
  9 humans (D:13)
  15 nagas
  An insubstantial wisp (Swamp:4)
  2 wargs
  An acid dragon (D:11)
  A torturous demonspawn skeleton (WizLab)
  A spiny frog zombie (Swamp:2)
  5 swamp worms
  3 hell hounds
  A porcupine (Lair:5)
  2 swamp drakes
  7 orc warriors
  7 ogres
  An eye of draining (Slime:1)
  14 centaurs
  2 boggarts (Depths:2)
  2 wolves (Lair:4)
  A crocodile (Lair:5)
  A bullfrog (Lair:4)
  A wight (D:15)
  A bullfrog skeleton (D:13)
  6 orc priests
  2 orc wizards
  2 spectral swamp drakes (Swamp:4)
  A mummy (Ossuary)
  An adder (D:7)
  A worm (D:10)
  14 orcs
  A briar patch (Swamp:4)
  2 bushes (D:13)
  A crawling corpse (Depths:2)
  A fire vortex (Volcano)
  A fungus (Lair:2)
482 creatures vanquished.

Vanquished Creatures (others)
  Boris (Depths:4)
  A deep elf master archer (Elf:3)
  Donald (Swamp:4)
  An orc warlord (D:12)
  An ironheart preserver (Vaults:4)
  A very ugly thing (Depths:5)
  A stone giant (Depths:1)
  2 ettins
  An ogre mage (Depths:1)
  2 black mambas (Snake:3)
  An anaconda (Snake:4)
  2 centaur warriors
  2 two-headed ogres (Vaults:3)
  2 naga sharpshooters
  A deep elf knight (Elf:2)
  4 deep elf archers
  An orc knight (Orc:2)
  3 deep elf magi
  2 cyclopes
  A salamander (Snake:1)
  11 yaktaurs
  A slime creature (Swamp:4)
  A blink frog (WizLab)
  A chaos spawn (WizLab)
  A swamp worm (Swamp:4)
  A naga (Snake:3)
  A floating eye (Depths:4)
  A slave (D:7)
  An ogre (Vaults:3)
  A wolf (Lair:4)
  7 centaurs
  A bullfrog (D:15)
  A briar patch (Swamp:4)
  A bush (Lair:5)
  12 fungi
  4 plants
  A starspawn tentacle (WizLab)
78 creatures vanquished.

Grand Total: 2517 creatures vanquished

Notes
Turn   | Place    | Note
-------+----------+-------------------------------------------
     0 | D:1      | Mace the Gnoll Earth Elementalist began the quest for the Orb.
     0 | D:1      | Reached XP level 1. HP: 13/13 MP: 6/6
   433 | D:1      | Reached XP level 2. HP: 10/19 MP: 7/7
   437 | D:1      | Learned a level 2 spell: Passwall
   829 | D:1      | Reached XP level 3. HP: 25/25 MP: 7/9
   830 | D:1      | Reached skill level 5 in Spellcasting
  1125 | D:2      | Reached skill level 1 in Invocations
  1194 | D:2      | Noticed Robin
  1249 | D:2      | Killed Robin
  1249 | D:2      | Reached skill level 1 in Fighting
  1249 | D:2      | Reached skill level 1 in Short Blades
  1249 | D:2      | Reached skill level 1 in Long Blades
  1249 | D:2      | Reached skill level 1 in Axes
  1249 | D:2      | Reached skill level 1 in Maces & Flails
  1249 | D:2      | Reached skill level 1 in Polearms
  1249 | D:2      | Reached skill level 1 in Staves
  1249 | D:2      | Reached skill level 1 in Slings
  1249 | D:2      | Reached skill level 1 in Bows
  1249 | D:2      | Reached skill level 1 in Crossbows
  1249 | D:2      | Reached skill level 1 in Throwing
  1249 | D:2      | Reached skill level 1 in Armour
  1249 | D:2      | Reached skill level 1 in Shields
  1249 | D:2      | Reached skill level 1 in Unarmed Combat
  1249 | D:2      | Reached skill level 1 in Evocations
  1251 | D:2      | Reached XP level 4. HP: 32/32 MP: 7/11
  1483 | D:2      | Learned a level 3 spell: Stone Arrow
  1602 | D:2      | Reached skill level 1 in Conjurations
  1602 | D:2      | Reached skill level 1 in Hexes
  1602 | D:2      | Reached skill level 1 in Charms
  1602 | D:2      | Reached skill level 1 in Summonings
  1602 | D:2      | Reached skill level 1 in Necromancy
  1602 | D:2      | Reached skill level 1 in Translocations
  1602 | D:2      | Reached skill level 1 in Fire Magic
  1602 | D:2      | Reached skill level 1 in Ice Magic
  1602 | D:2      | Reached skill level 1 in Air Magic
  1602 | D:2      | Reached skill level 1 in Poison Magic
  1729 | D:2      | Found a faded altar of an unknown god.
  1735 | D:2      | Reached XP level 5. HP: 37/37 MP: 9/12
  1752 | D:2      | Became a worshipper of Ashenzari the Shackled
  1752 | D:2      | Reached * piety under Ashenzari
  2217 | D:3      | Noticed a phantom
  2395 | D:3      | Found a shattered altar of Ashenzari.
  2395 | D:3      | Noticed Ijyb
  2908 | D:3      | Killed Ijyb
  2908 | D:3      | Reached XP level 6. HP: 44/44 MP: 6/13
  3154 | D:3      | Killed a phantom
  3154 | D:3      | Reached skill level 5 in Dodging
  3154 | D:3      | Reached skill level 2 in Invocations
  3390 | D:4      | Found a burning altar of Makhleb.
  3798 | D:4      | Got the uncursed leather armour of Daffodils {rElec rF- rC++ SInv}
  3804 | D:4      | Identified the +7 leather armour of Daffodils {rElec rF- rC++ SInv} (You found it on level 4 of the Dungeon)
  3856 | D:4      | Reached XP level 7. HP: 48/50 MP: 15/15
  3903 | D:4      | Reached ** piety under Ashenzari
  3964 | D:5      | Entered Level 5 of the Dungeon
  3970 | D:5      | Learned a level 2 spell: Call Imp
  3994 | D:5      | Found a glowing drain.
  4013 | Sewer    | Entered a sewer
  4060 | Sewer    | Noticed Purgy
  4065 | Sewer    | Killed Purgy
  4179 | D:5      | Found Ximmias's Antique Armour Shop.
  4231 | D:5      | Found a sacrificial altar of Ru.
  4848 | D:6      | Reached skill level 5 in Stealth
  4848 | D:6      | Reached skill level 3 in Invocations
  4928 | D:6      | Found a blossoming altar of Fedhas.
  5166 | D:6      | Reached XP level 8. HP: 57/57 MP: 16/16
  5284 | D:6      | Found a deep blue altar of Sif Muna.
  5338 | D:6      | Identified Sif Muna's Catalogue of the Voyage
  5930 | D:7      | Noticed Harold
  5949 | D:7      | Found Efaesab's Assorted Antiques.
  6013 | D:7      | Found a sand-covered staircase.
  6022 | Ossuary  | Entered an ossuary
  6218 | Ossuary  | Learned a level 3 spell: Conjure Flame
  6709 | Ossuary  | Reached skill level 4 in Invocations
  6811 | D:7      | Found an iron altar of Okawaru.
  6833 | D:7      | Bought a smoky dark potion for 21 gold pieces
  6833 | D:7      | Bought a scroll labeled LIDDAF XEEDWUA for 24 gold pieces
  6833 | D:7      | Bought a scroll labeled LIDDAF XEEDWUA for 24 gold pieces
  6941 | D:7      | Reached XP level 9. HP: 55/65 MP: 18/18
  6958 | D:7      | Noticed Pikel
  6986 | D:7      | Killed Pikel
  7089 | D:7      | Found Huxtyth's Assorted Antiques.
  7104 | D:7      | Bought 2 brown potions for 48 gold pieces
  7108 | D:7      | Got the trident "Jiusudgh" {drain, +Inv rPois MP-9 Int+4}
  7109 | D:7      | Identified the +11 trident "Jiusudgh" {drain, +Inv rPois MP-9 Int+4} (You found it on level 7 of the Dungeon)
  7235 | D:7      | Found Uvauhydu's Magic Scroll Shoppe.
  7239 | D:7      | Bought a scroll of noise for 16 gold pieces
  7239 | D:7      | Bought a scroll of teleportation for 48 gold pieces
  7242 | D:7      | Bought a scroll of blinking for 120 gold pieces
  7282 | D:7      | Killed Harold
  7504 | D:7      | Found a staircase to the Ecumenical Temple.
  7607 | D:7      | Found Raiph's Jewellery Shop.
  7794 | D:8      | Reached skill level 5 in Invocations
  7872 | D:8      | Noticed Joseph
  8159 | D:7      | Reached XP level 10. HP: 37/73 MP: 11/20
  8475 | D:8      | Learned a level 3 spell: Mephitic Cloud
  8479 | D:8      | Learned a level 3 spell: Dazzling Spray
  8760 | D:8      | Killed Joseph
  8760 | D:8      | Reached skill level 5 in Fighting
  8760 | D:8      | Reached skill level 5 in Short Blades
  8760 | D:8      | Reached skill level 5 in Long Blades
  8760 | D:8      | Reached skill level 5 in Axes
  8760 | D:8      | Reached skill level 5 in Maces & Flails
  8760 | D:8      | Reached skill level 5 in Polearms
  8760 | D:8      | Reached skill level 5 in Staves
  8760 | D:8      | Reached skill level 5 in Slings
  8760 | D:8      | Reached skill level 5 in Bows
  8760 | D:8      | Reached skill level 5 in Crossbows
  8760 | D:8      | Reached skill level 5 in Throwing
  8760 | D:8      | Reached skill level 5 in Armour
  8760 | D:8      | Reached skill level 5 in Shields
  8760 | D:8      | Reached skill level 5 in Unarmed Combat
  8760 | D:8      | Reached skill level 5 in Evocations
  9175 | D:9      | Found Juangie's Magic Scroll Boutique.
  9178 | D:9      | Found Cugrat's Assorted Antiques.
  9213 | D:9      | Bought a scroll labeled CAIDERH FOAFON for 33 gold pieces
  9382 | D:9      | Found Wuff's Antique Weapon Boutique.
  9455 | D:9      | Reached *** piety under Ashenzari
  9566 | D:9      | Reached skill level 5 in Transmutations
  9571 | D:9      | Reached skill level 6 in Invocations
  9587 | D:9      | Found Wolivee's Magic Scroll Emporium.
  9594 | D:9      | Bought a scroll of immolation for 52 gold pieces
  9607 | D:9      | Noticed a two-headed ogre
  9614 | D:9      | Killed a two-headed ogre
  9623 | D:9      | Learned a level 3 spell: Ozocubu's Armour
  9936 | D:10     | Entered Level 10 of the Dungeon
  9976 | D:10     | Noticed Psyche
  9996 | D:10     | HP: 3/76 [acid (8)]
 10379 | D:10     | Reached XP level 11. HP: 80/81 MP: 10/22
 10870 | D:10     | Killed Psyche
 11072 | D:10     | Found a staircase to the Lair.
 11072 | D:10     | Noticed an oklob plant
 11252 | D:10     | Killed an oklob plant
 11252 | D:10     | Reached skill level 5 in Conjurations
 11252 | D:10     | Reached skill level 5 in Hexes
 11252 | D:10     | Reached skill level 5 in Charms
 11252 | D:10     | Reached skill level 5 in Summonings
 11252 | D:10     | Reached skill level 5 in Necromancy
 11252 | D:10     | Reached skill level 5 in Translocations
 11252 | D:10     | Reached skill level 5 in Fire Magic
 11252 | D:10     | Reached skill level 5 in Ice Magic
 11252 | D:10     | Reached skill level 5 in Air Magic
 11252 | D:10     | Reached skill level 5 in Poison Magic
 11642 | D:11     | Noticed Grum
 11660 | D:11     | Killed Grum
 12045 | D:11     | Reached skill level 7 in Invocations
 12080 | D:11     | Reached **** piety under Ashenzari
 12110 | D:11     | Noticed a two-headed ogre
 12129 | D:11     | Killed a two-headed ogre
 12178 | D:11     | Found a runed gate.
 12179 | D:11     | Found a runed gate.
 12179 | D:11     | Found a runed gate.
 12182 | D:11     | Noticed meatyocre's ghost (journeyman TrFi)
 12183 | D:11     | Found a roughly hewn altar of Beogh.
 12929 | D:11     | Killed meatyocre's ghost
 13258 | D:11     | Got the halberd of Eqasual {flame, Fragile +Blink rPois Int+3}
 13258 | D:11     | Got the uncursed chain mail of Vet Coih {-Cast rN++ SInv}
 13274 | D:11     | Identified the +6 chain mail of Vet Coih {-Cast rN++ SInv} (You took it off an orc warrior on level 11 of the Dungeon)
 13327 | D:12     | Noticed a cyclops
 13385 | D:12     | Noticed a green ugly thing
 13403 | D:12     | Killed a green ugly thing
 13492 | D:12     | Reached XP level 12. HP: 88/89 MP: 3/24
 13615 | D:12     | Noticed a two-headed ogre
 13630 | D:12     | Killed a two-headed ogre
 14174 | D:12     | Noticed Frances
 14287 | D:12     | Found a staircase to the Orcish Mines.
 14287 | D:12     | Found a roughly hewn altar of Beogh.
 14517 | Lair:1   | Entered Level 1 of the Lair of Beasts
 14933 | Lair:1   | Reached skill level 8 in Invocations
 15722 | Lair:2   | Noticed Gastronok
 16205 | Lair:2   | Noticed Urug
 16311 | Lair:2   | Identified the +7 halberd of Eqasual {flame, Fragile +Blink rPois Int+3} (You took it off an orc warrior on level 11 of the Dungeon)
 16389 | Lair:2   | Noticed a seven-headed hydra
 16401 | Lair:2   | Killed a seven-headed hydra
 16401 | Lair:2   | Reached XP level 13. HP: 85/98 MP: 18/26
 16482 | Lair:2   | Learned a level 2 spell: Blink
 16486 | Lair:2   | Learned a level 3 spell: Summon Guardian Golem
 16491 | Lair:2   | Learned a level 4 spell: Summon Lightning Spire
 16527 | Lair:2   | Killed Urug
 16679 | Lair:2   | Found a staircase to the Swamp.
 16768 | Lair:2   | Killed Gastronok
 17635 | Lair:3   | Identified the Almanac of Limited Liability
 17800 | Lair:3   | Found a staircase to the Snake Pit.
 17822 | Lair:3   | Reached ***** piety under Ashenzari
 17918 | Lair:3   | Noticed Nergalle
 17936 | Lair:3   | Killed Nergalle
 19260 | Lair:4   | Reached skill level 9 in Invocations
 19585 | Lair:4   | Learned a level 1 spell: Shock
 20398 | Lair:5   | Reached skill level 10 in Spellcasting
 20417 | Lair:5   | Reached XP level 14. HP: 67/106 MP: 2/28
 20658 | Lair:5   | Found a staircase to the Slime Pits.
 21208 | Lair:6   | Entered Level 6 of the Lair of Beasts
 21345 | Lair:6   | Found a dark tunnel.
 21403 | Volcano  | Entered a volcano
 21410 | Volcano  | Learned a level 2 spell: Throw Frost
 22104 | Volcano  | Reached skill level 10 in Dodging
 23400 | Lair:6   | Reached skill level 10 in Stealth
 24081 | Lair:6   | Found a large runed door.
 24082 | Lair:6   | Found a large runed door.
 24109 | Lair:6   | Reached skill level 10 in Invocations
 24939 | D:12     | Killed Frances
 25293 | Orc:1    | Entered Level 1 of the Orcish Mines
 25816 | Orc:1    | Found a runed gate.
 25907 | Orc:1    | Noticed an orc warlord
 26708 | D:12     | Killed an orc warlord
 26890 | Orc:1    | Noticed Fesu's ghost (journeyman DsNe)
 26949 | Orc:1    | Noticed an orc warlord
 26965 | Orc:1    | Killed an orc warlord
 27024 | Orc:1    | Reached XP level 15. HP: 80/114 MP: 2/29
 27195 | Orc:1    | Noticed an orc warlord
 27257 | Orc:1    | Killed an orc warlord
 27624 | Orc:1    | Got the broad axe of Quick Death {flame, *Noise rElec rPois rF+}
 27625 | Orc:1    | Identified the +8 broad axe of Quick Death {flame, *Noise rElec rPois rF+} (You found it on level 1 of the Orcish Mines)
 27662 | Orc:1    | Got the great sword of Gepp {venom, -Tele Int+5 Stlth+}
 27668 | Orc:1    | Identified the +8 great sword of Gepp {venom, -Tele Int+5 Stlth+} (You found it on level 1 of the Orcish Mines)
 27720 | Orc:1    | Got the cursed mace of Demonkind {crush, MR+ Str+6 SInv}
 27751 | Orc:1    | Found an opulent altar of Gozag.
 27751 | Orc:1    | Found Qicacuobb's Assorted Antiques.
 27752 | Orc:1    | Found a runed gate.
 27752 | Orc:1    | Found a runed gate.
 28157 | Orc:2    | Entered Level 2 of the Orcish Mines
 28463 | Orc:2    | Noticed Azrael
 28506 | Orc:2    | Noticed an orc warlord
 29001 | Orc:2    | Found Gideih's Magic Scroll Emporium.
 29093 | Orc:2    | Found Asopiz's Distillery.
 29147 | Orc:2    | Bought a scroll of teleportation for 33 gold pieces
 29147 | Orc:2    | Bought a scroll of remove curse for 33 gold pieces
 29147 | Orc:2    | Bought a scroll of identify for 22 gold pieces
 29574 | Orc:2    | Reached skill level 10 in Earth Magic
 29887 | Orc:2    | Reached skill level 10 in Fighting
 29887 | Orc:2    | Reached skill level 10 in Short Blades
 29887 | Orc:2    | Reached skill level 10 in Long Blades
 29887 | Orc:2    | Reached skill level 10 in Axes
 29887 | Orc:2    | Reached skill level 10 in Maces & Flails
 29887 | Orc:2    | Reached skill level 10 in Polearms
 29887 | Orc:2    | Reached skill level 10 in Staves
 29887 | Orc:2    | Reached skill level 10 in Slings
 29887 | Orc:2    | Reached skill level 10 in Bows
 29887 | Orc:2    | Reached skill level 10 in Crossbows
 29887 | Orc:2    | Reached skill level 10 in Throwing
 29887 | Orc:2    | Reached skill level 10 in Armour
 29887 | Orc:2    | Reached skill level 10 in Shields
 29887 | Orc:2    | Reached skill level 10 in Unarmed Combat
 29887 | Orc:2    | Reached skill level 10 in Evocations
 30106 | Orc:2    | Gained mutation: You tend to lose your temper in combat. [a neqoxec]
 30137 | Orc:2    | Found Yhuix Ythawn's Gadget Boutique.
 30137 | Orc:2    | Found a one-way gate leading to the halls of Pandemonium.
 30137 | Orc:2    | Found Unogy's Antique Armour Shop.
 30341 | Orc:2    | Found a staircase to the Elven Halls.
 30516 | Orc:2    | Found a roughly hewn altar of Beogh.
 30604 | Orc:2    | Killed an orc warlord
 30858 | Orc:2    | Killed Azrael
 31361 | D:7      | Bought a scroll of identify for 32 gold pieces
 31361 | D:7      | Identified the cursed +3 mace of Demonkind {crush, MR+ Str+6 SInv} (You found it on level 1 of the Orcish Mines)
 31364 | D:7      | Bought a scroll of remove curse for 48 gold pieces
 31364 | D:7      | Bought a scroll of remove curse for 48 gold pieces
 31501 | Snake:1  | Entered Level 1 of the Snake Pit
 31514 | Snake:1  | Learned a level 3 spell: Regeneration
 31678 | Snake:1  | Reached skill level 11 in Invocations
 32464 | Snake:1  | Reached XP level 16. HP: 55/122 MP: 8/31
 33309 | Snake:1  | Got the uncursed ring mail of the Moon {Str+2 Int-2 Dex+2}
 33320 | Snake:1  | Identified the +1 ring mail of the Moon {Str+2 Int-2 Dex+2} (You found it on level 1 of the Snake Pit)
 33823 | Snake:2  | Noticed Aizul
 34105 | Snake:2  | Killed Aizul
 34386 | Snake:2  | Noticed a nagaraja
 34400 | Snake:2  | Killed a nagaraja
 35428 | Snake:3  | Found a radiant altar of Vehumet.
 35440 | Snake:3  | Noticed Vashnia
 35723 | Snake:3  | Killed Vashnia
 36428 | Snake:3  | Reached XP level 17. HP: 131/131 MP: 31/33
 36618 | Snake:3  | Identified the ring of Ongellid {+Fly rF+ Int+3}
 36917 | Snake:4  | Entered Level 4 of the Snake Pit
 36922 | Snake:4  | Reached skill level 12 in Invocations
 37985 | Snake:4  | Noticed Agnes
 38067 | Snake:4  | Killed Agnes
 38505 | Snake:4  | Reached skill level 10 in Transmutations
 39265 | Snake:4  | Got a serpentine rune of Zot
 39356 | Snake:4  | Found Hebbucon's General Store.
 40001 | D:13     | Found a gate to the Vaults.
 40199 | D:13     | Reached skill level 10 in Conjurations
 40199 | D:13     | Reached skill level 10 in Hexes
 40199 | D:13     | Reached skill level 10 in Charms
 40199 | D:13     | Reached skill level 10 in Summonings
 40199 | D:13     | Reached skill level 10 in Necromancy
 40199 | D:13     | Reached skill level 10 in Translocations
 40199 | D:13     | Reached skill level 10 in Fire Magic
 40199 | D:13     | Reached skill level 10 in Ice Magic
 40199 | D:13     | Reached skill level 10 in Air Magic
 40199 | D:13     | Reached skill level 10 in Poison Magic
 40410 | D:13     | HP: 4/133 [sun demon[an obsidian statue] (16)]
 40730 | D:13     | Found a shimmering altar of Xom.
 41357 | D:14     | Reached XP level 18. HP: 139/139 MP: 34/34
 41774 | D:14     | Reached ****** piety under Ashenzari
 41799 | D:14     | Found Wetet's Food Emporium.
 42143 | D:15     | Entered Level 15 of the Dungeon
 42143 | D:15     | Found Wonidyeh's General Store.
 42376 | D:5      | Bought the +18 shield of the Gong {rElec rN+ MR+ EV-5} for 2237 gold pieces
 42376 | D:5      | Found the +18 shield of the Gong {rElec rN+ MR+ EV-5}
 42672 | D:15     | Bought a +3 amulet of reflection for 235 gold pieces
 42930 | D:15     | Identified a scroll of acquirement
 43228 | D:15     | Found a staircase to the Depths.
 43916 | Swamp:1  | Entered Level 1 of the Swamp
 43978 | Swamp:1  | Noticed Josephine
 44006 | Swamp:1  | Killed Josephine
 44354 | Swamp:1  | Learned a level 5 spell: Borgnjor's Vile Clutch
 44534 | Swamp:1  | Noticed Roxanne
 44614 | Swamp:1  | Killed Roxanne
 45015 | Swamp:2  | Reached skill level 13 in Invocations
 45462 | Swamp:2  | Learned a level 1 spell: Animate Skeleton
 47066 | Swamp:4  | Entered Level 4 of the Swamp
 47770 | Swamp:4  | Got the uncursed leather armour "Tianaef" {*Contam rN++ Int+7}
 48110 | Swamp:4  | Reached XP level 19. HP: 104/147 MP: 25/36
 48148 | Swamp:4  | Noticed a bone dragon
 48167 | Swamp:4  | Noticed Donald
 48230 | Swamp:4  | Identified the +2 leather armour "Tianaef" {*Contam rN++ Int+7} (You found it on level 4 of the Swamp)
 48236 | Swamp:4  | Learned a level 5 spell: Dispel Undead
 48282 | Swamp:4  | Killed Donald
 48441 | Swamp:4  | Killed a bone dragon
 48651 | Swamp:4  | Identified the +4 shield of Qeacio Fidei {rElec Regen+ Stlth+}
 48675 | Swamp:4  | Got a decaying rune of Zot
 49874 | Orc:1    | Killed Fesu's ghost
 49963 | Orc:1    | Bought a scroll labeled NITIWI YR XEI for 27 gold pieces
 50300 | Elf:1    | Entered Level 1 of the Elven Halls
 50358 | Elf:1    | Identified Ts'ui Pên's Grimoire of Forking Paths
 50914 | Elf:1    | Identified the Incunabulum of Plaster Cramp
 50948 | Elf:1    | Found Fihi's Assorted Antiques.
 51113 | Elf:1    | Found Naddaxt's Food Emporium.
 51119 | Elf:1    | Identified the Tome of Sand
 51158 | Elf:1    | Found Jiro's Assorted Antiques.
 51910 | Elf:2    | Noticed a Tzitzimitl
 52019 | Elf:2    | Found a runed gate.
 52019 | Elf:2    | Found a runed gate.
 52019 | Elf:2    | Found a runed gate.
 52494 | Elf:2    | Noticed Asterion
 52731 | Elf:1    | Killed Asterion
 53535 | Elf:3    | Entered Level 3 of the Elven Halls
 53697 | Elf:3    | Noticed a Tzitzimitl
 53730 | Elf:3    | Found Xeerit's Jewellery Emporium.
 53730 | Elf:3    | Found Lemidaon's Gadget Boutique.
 53773 | Elf:3    | Found Itiamp's Jewellery Emporium.
 53779 | Elf:3    | Bought the ring "Xecint" {-Tele rElec rPois rN+ Stlth+} for 743 gold pieces
 53843 | Elf:3    | Reached XP level 20. HP: 130/153 MP: 31/37
 54350 | Elf:3    | Reached skill level 14 in Invocations
 54595 | Elf:3    | Noticed a Brimstone Fiend
 55263 | Elf:3    | Got the falchion of Amortisation {holy, rF+ Int+2 Dex+4}
 55264 | Elf:3    | Identified the +8 falchion of Amortisation {holy, rF+ Int+2 Dex+4} (You took it off a deep elf demonologist on level 3 of the Elven Halls)
 55308 | Elf:3    | Identified the ring of Semec {rElec rC+ Str+4 Dex+4} (You took it off a deep elf elementalist on level 3 of the Elven Halls)
 55474 | Elf:3    | Got the uncursed leather armour of Sorcery {rPois rC+++ Str+3 Int-5}
 55568 | Elf:3    | Got the uncursed chain mail of the Devil {rN++ MR+ Regen+}
 55579 | Elf:3    | Identified the +5 chain mail of the Devil {rN++ MR+ Regen+} (You took it off a deep elf master archer on level 3 of the Elven Halls)
 55612 | Elf:3    | Got the executioner's axe of Nemelex Xobeh's Favour {chop, rF+ Int+6}
 55722 | Elf:3    | Got the falchion "Zizuluudugi" {slice, SInv}
 55723 | Elf:3    | Identified the +4 falchion "Zizuluudugi" {slice, SInv} (You found it on level 3 of the Elven Halls)
 55985 | Elf:3    | Got the uncursed chain mail of Nemelex Xobeh's Esteem {-Cast rN+ MR++}
 56341 | Swamp:2  | Identified the +3 leather armour of Sorcery {rPois rC+++ Str+3 Int-5} (You took it off a deep elf elementalist on level 3 of the Elven Halls)
 56470 | Slime:1  | Entered Level 1 of the Pits of Slime
 56472 | Slime:1  | Gained mutation: Scrolls take you a little longer to read. [a shining eye]
 57854 | Slime:2  | Gained mutation: You are weak. (Str -2) [a shining eye]
 57885 | Slime:2  | Gained mutation: You are dopey. (Int -2) [a shining eye]
 57886 | Slime:2  | Gained mutation: You often lose your temper in combat. [a shining eye]
 57886 | Slime:2  | Gained mutation: Scrolls take you longer to read. [a shining eye]
 57887 | Slime:2  | Gained mutation: You are clumsy. (Dex -2) [a shining eye]
 57889 | Slime:2  | Gained mutation: Your body sometimes deteriorates upon taking damage. [a shining eye]
 57890 | Slime:2  | Gained mutation: You are frail. (-10% HP) [a shining eye]
 58135 | D:11     | Lost mutation: You are weak. (Str -2) [potion of mutation]
 58135 | D:11     | Lost mutation: You often lose your temper in combat. [potion of mutation]
 58135 | D:11     | Lost mutation: You are dopey. (Int -2) [potion of mutation]
 58135 | D:11     | Gained mutation: You are occasionally teleported next to monsters. [potion of mutation]
 58135 | D:11     | Gained mutation: You are partially covered in iridescent scales. (AC +2) [potion of mutation]
 58136 | D:11     | Lost mutation: Scrolls take you longer to read. [potion of mutation]
 58136 | D:11     | Lost mutation: You are partially covered in iridescent scales. (AC +2) [potion of mutation]
 58136 | D:11     | Gained mutation: Your muscles are strong. (Str +2) [potion of mutation]
 58136 | D:11     | Gained mutation: You passively map a small area around you. [potion of mutation]
 58137 | D:11     | Lost mutation: Your body sometimes deteriorates upon taking damage. [potion of mutation]
 58137 | D:11     | Lost mutation: You are occasionally teleported next to monsters. [potion of mutation]
 58137 | D:11     | Gained mutation: You are partially covered in rugged brown scales. (AC +1, +3% HP) [potion of mutation]
 58137 | D:11     | Lost mutation: You are clumsy. (Dex -2) [potion of mutation]
 58690 | Slime:3  | Gained mutation: Scrolls take you longer to read. [a shining eye]
 58827 | Slime:3  | Gained mutation: Armour fits poorly on your strangely shaped body. [a shining eye]
 58835 | Slime:3  | Gained mutation: You are agile. (Dex +2) [a shining eye]
 58836 | Slime:3  | Gained mutation: You are dopey. (Int -2) [a shining eye]
 58981 | Slime:4  | Lost mutation: You are agile. (Dex +2) [a shining eye]
 59079 | Slime:4  | Reached XP level 21. HP: 115/151 MP: 35/39
 59238 | Slime:4  | Learned a level 4 spell: Airstrike
 59742 | Slime:5  | Entered Level 5 of the Pits of Slime
 59913 | Slime:5  | Noticed the Royal Jelly
 59976 | Slime:5  | Found the +9 staff of Wucad Mu {channel}
 59981 | Slime:5  | Found a viscous altar of Jiyva.
 59984 | Slime:5  | Identified the amulet "Ituov" {Reflect *Slow Str-5 Int+8 SH+3}
 60325 | Slime:5  | Gained mutation: Your body sometimes deteriorates upon taking damage. [a shining eye]
 60786 | Vaults:1 | Entered Level 1 of the Vaults
 60818 | Vaults:1 | Upgraded the game from 0.22-a0-848-ge9e22a0 to 0.22-a0-872-g6a232dd
 61188 | Vaults:1 | Reached skill level 15 in Invocations
 61777 | Vaults:1 | Found Egoc's Antique Armour Boutique.
 62917 | Vaults:2 | Found a staircase to the Crypt.
 63368 | Vaults:2 | Found Hin Wiwifa's Jewellery Emporium.
 63372 | Vaults:2 | Bought the ring of Fucucih {+Fly rN+ MR+ Dex+3} for 761 gold pieces
 63395 | Vaults:2 | Found Rableyma's Distillery.
 63409 | Vaults:2 | Bought a potion of mutation for 144 gold pieces
 63409 | Vaults:2 | Lost mutation: Your body sometimes deteriorates upon taking damage. [potion of mutation]
 63409 | Vaults:2 | Lost mutation: Armour fits poorly on your strangely shaped body. [potion of mutation]
 63409 | Vaults:2 | Lost mutation: You are frail. (-10% HP) [potion of mutation]
 63409 | Vaults:2 | Lost mutation: You are dopey. (Int -2) [potion of mutation]
 63409 | Vaults:2 | Gained mutation: You are partially covered in large bone plates. (SH +4) [potion of mutation]
 63409 | Vaults:2 | Gained mutation: You are clumsy. (Dex -2) [potion of mutation]
 63409 | Vaults:2 | Gained mutation: You are somewhat resistant to further mutation. [potion of mutation]
 63458 | Vaults:2 | Found Uxaoclog's Jewellery Shop.
 63481 | Vaults:2 | Reached XP level 22. HP: 177/177 MP: 35/40
 63618 | Vaults:2 | Found Zirph's Antique Armour Shoppe.
 63774 | Vaults:2 | Found Zofanwoc's Armour Shop.
 63928 | Vaults:2 | Found a radiant altar of Vehumet.
 63942 | Vaults:2 | Got the uncursed robe of a labyrinth {rElec rF+}
 63953 | Vaults:2 | Identified the +4 robe of a labyrinth {rElec rF+} (You found it on level 2 of the Vaults)
 64261 | Vaults:2 | Bought a +0 pair of gloves of strength for 172 gold pieces
 64327 | Vaults:2 | Got the uncursed robe "Earthly Heaven" {MR+++ Int+7 Dex-4 Stlth-}
 64990 | Vaults:3 | Reached skill level 15 in Spellcasting
 65356 | Vaults:3 | Noticed Frederick
 65415 | Vaults:3 | Killed Frederick
 65607 | Vaults:3 | Reached skill level 15 in Dodging
 66462 | Vaults:4 | Found Siuck's Book Shop.
 66518 | Vaults:4 | Reached skill level 15 in Stealth
 66867 | Vaults:4 | Identified the +2 robe "Earthly Heaven" {MR+++ Int+7 Dex-4 Stlth-} (You took it off a naga mage on level 2 of the Vaults)
 67187 | Vaults:4 | Found a roughly hewn altar of Beogh.
 68164 | Vaults:5 | Entered Level 5 of the Vaults
 68482 | Vaults:2 | Bought the +4 pair of boots of Soemico {rN+} for 535 gold pieces
 68676 | Depths:1 | Entered Level 1 of the Depths
 68708 | Depths:1 | Reached XP level 23. HP: 184/184 MP: 33/42
 68863 | Depths:1 | Learned a level 6 spell: Death Channel
 68981 | Depths:1 | Noticed Mara
 68999 | Depths:1 | Killed Mara
 68999 | Depths:1 | Reached skill level 16 in Invocations
 69620 | Depths:1 | Got the uncursed ring mail of Complete Protection {MR+ Str-2 Dex+5 SInv}
 69692 | Depths:1 | Found a gateway to Hell.
 70314 | Depths:1 | Identified the +1 ring mail of Complete Protection {MR+ Str-2 Dex+5 SInv} (You found it on level 1 of the Depths)
 70770 | Depths:2 | Reached skill level 15 in Fighting
 70770 | Depths:2 | Reached skill level 15 in Short Blades
 70770 | Depths:2 | Reached skill level 15 in Long Blades
 70770 | Depths:2 | Reached skill level 15 in Axes
 70770 | Depths:2 | Reached skill level 15 in Maces & Flails
 70770 | Depths:2 | Reached skill level 15 in Polearms
 70770 | Depths:2 | Reached skill level 15 in Staves
 70770 | Depths:2 | Reached skill level 15 in Slings
 70770 | Depths:2 | Reached skill level 15 in Bows
 70770 | Depths:2 | Reached skill level 15 in Crossbows
 70770 | Depths:2 | Reached skill level 15 in Throwing
 70770 | Depths:2 | Reached skill level 15 in Armour
 70770 | Depths:2 | Reached skill level 15 in Shields
 70770 | Depths:2 | Reached skill level 15 in Unarmed Combat
 70770 | Depths:2 | Reached skill level 15 in Evocations
 70906 | Depths:2 | Found a gateway to a ziggurat.
 71210 | Depths:2 | Noticed Bai Suzhen
 71240 | Depths:2 | Killed Bai Suzhen
 71826 | Depths:2 | Noticed a golden dragon
 71843 | Depths:2 | Killed a golden dragon
 72125 | Depths:3 | Found a magical portal.
 72205 | WizLab   | Entered The Roulette of Golubria
 72205 | WizLab   | Found a transporter.
 72208 | WizLab   | Found a corrupted altar of Lugonu.
 72222 | WizLab   | Found a corrupted altar of Lugonu.
 72248 | WizLab   | Found a transporter.
 72249 | WizLab   | Found a transporter.
 72284 | WizLab   | Found a transporter.
 72307 | WizLab   | Identified the cursed +0 cloak of Thoughtfulness {rPois SInv}
 72312 | WizLab   | Reached XP level 24. HP: 194/194 MP: 42/42
 72318 | WizLab   | Found a transporter.
 72385 | WizLab   | Found a corrupted altar of Lugonu.
 72408 | WizLab   | Found a transporter.
 72445 | WizLab   | Found a transporter.
 72486 | WizLab   | Found a transporter.
 72517 | WizLab   | Found a transporter.
 72579 | WizLab   | Found a transporter.
 72696 | WizLab   | Found a transporter.
 72696 | WizLab   | Found a transporter.
 72722 | WizLab   | Identified the Grimoire of Dislocation
 72793 | WizLab   | Identified the +2 cloak of the Modern Songs {+Fly rElec Stlth+}
 72794 | WizLab   | Found a transporter.
 72817 | WizLab   | Found a transporter.
 72988 | WizLab   | Found a transporter.
 73048 | WizLab   | Found a transporter.
 73048 | WizLab   | Found a transporter.
 73085 | WizLab   | Found a transporter.
 73160 | WizLab   | Found a transporter.
 73160 | WizLab   | Found a transporter.
 74206 | Depths:3 | Identified the Catalogue of the Snowflakes
 74209 | Depths:3 | Identified Xoef's Grimoire of the Stag
 75031 | Depths:4 | Noticed Boris
 75035 | Depths:4 | Noticed Xtahua
 75041 | Depths:4 | Killed Boris
 75066 | Depths:4 | Killed Xtahua
 75095 | Depths:4 | Noticed a caustic shrike
 75107 | Depths:4 | Killed a caustic shrike
 75361 | Depths:4 | Noticed the Enchantress
 75392 | Depths:4 | Killed the Enchantress
 75604 | Depths:4 | Noticed a caustic shrike
 75614 | Depths:4 | Killed a caustic shrike
 75717 | Depths:4 | Found a one-way gate to the infinite horrors of the Abyss.
 75848 | Depths:4 | Paralysed by a floating eye for 2 turns
 75885 | Depths:4 | Found Raas's Armour Shop.
 76250 | Depths:4 | Got the uncursed faerie dragon scales {rCorr Str+4}
 76732 | Depths:4 | Identified the +3 faerie dragon scales {rCorr Str+4} (You took it off the Enchantress on level 4 of the Depths)
 76755 | Depths:5 | Entered Level 5 of the Depths
 76763 | Depths:5 | Reached skill level 17 in Invocations
 76965 | Depths:5 | Reached XP level 25. HP: 202/202 MP: 43/43
 77324 | Depths:5 | Found a gate to the Realm of Zot.
 78621 | Vaults:5 | Noticed an ancient lich
 78790 | Vaults:5 | Killed an ancient lich
 78896 | Vaults:5 | Killed from afar by a tengu reaver

Vault maps used:
D:1:      dpeg_arrival_rooms_b
D:2:      chequers_ecumenical_altar_island, uniq_robin
D:3:      first_ration, ashenzari_altar_1, uniq_ijyb
D:4:      cheibrodos_greedy_goblins, bloody_makhleb
D:5:      cheibrodos_sewer_entry_sluice, serial_shops,
          nicolae_shop_behind_doors, nicolae_ru_sacrificial_ziggurat
D:6:      led_sif_book, basic_altar
D:7:      minmay_temple_entry_nine_rooms, serial_shops, shop_statue,
          kennysheep_mini_moat, shop_statue, nicolae_shop_overgrown_old_shop,
          nicolae_ossuary_entry_plus, okawaru_ov_weapons_minmay, uniq_harold,
          uniq_pikel
D:8:      uniq_joseph
D:9:      serial_shops, shop_statue, shop_statue, shop, kennysheep_little_box
D:10:     dpeg_oklobed_lair, hangedman_pestilent_swarm,
          hangedman_decor_slide_cut, uniq_psyche
D:11:     biasface_ghost_orc_armoury, uniq_grum
D:12:     david_orc_5, uniq_frances
D:13:     grunt_vaults_entry_tiered, basic_altar, minmay_protected_statue
D:14:     small_statue_intersection, serial_shops, shop
D:15:     grunt_enter_depths_giant_problem, serial_shops, shop,
          serial_bayou_pond_e, glass_columns_b
Lair:1:   lemuel_slime, beast_lair_carwin_2, minmay_lair_oklob_chamber,
          grunt_megastairs_3
Lair:2:   nicolae_swamp_entry_splash_gauntlet, serial_bayou_shore_b,
          uniq_gastronok, uniq_urug
Lair:3:   guppyfry_snake_entry_garden, serial_bayou_pond_b, patterned_corridor,
          uniq_nergalle
Lair:5:   minmay_slime_entry_oklob_enclosed
Lair:6:   cheibrodos_lair_end_hotspot, nicolae_volcano_entry_vermiform,
          serial_bayou_shore_b
Swamp:1:  serial_swamp_ruin, evilmike_swamp_ruin_house_5,
          evilmike_swamp_ruin_house_2, evilmike_swamp_ruin_house_4, swamp_pool1,
          infiniplex_staircase_pool, uniq_josephine, uniq_roxanne
Swamp:2:  evilmike_swamp_ruin_house_1, swamp_pool2,
          nicolae_swamp_round_clearing, grunt_hermit_hut
Swamp:3:  evilmike_swamp_ruin_house_3, swamp_pool2, st_swamp_ruins_3
Swamp:4:  swamp_pestilence, swamp_pool3, nicolae_swamp_rocky_clearing,
          uniq_donald
Snake:1:  nicolae_snakescales
Snake:2:  uniq_aizul
Snake:3:  basic_altar, uniq_vashnia
Snake:4:  grunt_snake_rune_serpentine_throne, serial_shops, nicolae_shop_trees,
          uniq_agnes
Slime:4:  nicolae_slime_welcoming_committee
Orc:1:    ebering_ghost_gozag, minmay_orc_treasury
Orc:2:    pf_orc_diabolical, basic_altar, uniq_azrael
Elf:1:    serial_shops, nicolae_shop_competitors_out_of_business, shop,
          nicolae_shop_waterfront, hangedman_elven_crosses_minicolossus,
          spider_trap, nicolae_twisting_strands, minmay_misc_feat_columns,
          bh_hangedman_babel_library
Elf:2:    uniq_asterion
Elf:3:    elf_hall, corner_web_ring, minmay_crystal_room, minmay_shop_grove
Vaults:1: v_misc_3, nicolae_vaults_asterisk, vaults_room_semicircle,
          vaults_mumra_hexcomb, v_misc_5, nicolae_vaults_diagonal_hallway_8,
          nicolae_vaults_angled_halls, ontoclasm_vaults_spin,
          hangedman_vaults_trim, nicolae_vaults_theta,
          nicolae_vaults_know_your_exits, v_misc_9,
          nicolae_vaults_little_squares_4, nicolae_vaults_rhombus_6,
          serial_shops, nicolae_shop_crystal
Vaults:2: hangedman_vaults_slice, grunt_tower_of_power,
          minmay_crypt_entry_simple_sparse, nicolae_vaults_mini_display_case,
          v_misc_11, v_misc_24, v_alt_pattern_3, serial_shops, shop,
          nicolae_shop_stone, shop, nicolae_shop_waterfront, nicolae_shop_trees
Vaults:3: v_misc_27, hangedman_vaults_corner_blocks,
          nicolae_vaults_stairing_the_circle, nicolae_vaults_little_squares_2,
          vaults_room_grid, ontoclasm_vaults_decontamination, vaults_room_fours,
          hangedman_vaults_maws, vaults_dpeg_ring, uniq_frederick
Vaults:4: vaults_room_corners, vaults_dpeg_spiral,
          nicolae_vaults_big_angled_halls, nicolae_vaults_twisting_passages,
          vaults_room_corners, grunt_vaults_hallway_long,
          ontoclasm_vaults_loading_screen, special_room_vaults,
          grunt_vaults_hallway_short, serial_shops, nicolae_shop_behind_doors
Depths:1: minmay_connected_boxes_in_corner, lightli_too_deep, pan_entry,
          kennysheep_doodads, minivault_15, uniq_mara
Depths:2: minmay_connected_triangles_in_corner, enter_ziggurat_b,
          pf_vacation_house_of_asmodeus, grunt_pan_entry_in_and_out,
          eino_tiny_chamber, infiniplex_staircase_zigzag_2, uniq_bai_suzhen
Depths:3: mu_elemental_laboratory, dk_noncrumbling_4,
          infiniplex_enter_wizlab_glasses, grunt_hell_entry_dis_old, pan_entry
Depths:4: minmay_crescents, abyss_entry, rand_demon_pan_entry_5, serial_sigils,
          serial_sigils_hangedman_stare, serial_sigils_hangedman_shear,
          serial_sigils_hangedman_carve, serial_sigils_hangedman_snap,
          serial_sigils_hangedman_gut, hell_entry, serial_shops, shop_statue,
          minmay_staircase_windowed_small, uniq_boris, uniq_xtahua,
          uniq_enchantress
Depths:5: grunt_runaround, hell_entry
Sewer:    kennysheep_door_sewer
Ossuary:  ossuary_boxes_badplayer
Volcano:  volcano_aerie
WizLab:   wizlab_golubria

Skill      XL: |  1  2  3  4  5  6  7  8  9 10 11 12 13 14 15 16 17 18 19 20 21 22 23 24 25 |
---------------+----------------------------------------------------------------------------+-----
Transmutations | 2 3 4 5 6 7 8 9 10 11 12 13 14 | 14.2
Spellcasting   | 5 6 7 8 9 10 11 12 13 14 15 16 | 16.9
Invocations    | 1 2 3 4 5 6 7 8 9 10 11 12 13 14 15 16 17 | 17.6
Fighting       | 1 2 3 4 5 6 7 8 9 10 11 12 13 14 15 16 | 16.3
Short Blades   | 1 2 3 4 5 6 7 8 9 10 11 12 13 14 15 16 | 16.3
Long Blades    | 1 2 3 4 5 6 7 8 9 10 11 12 13 14 15 16 | 16.3
Axes           | 1 2 3 4 5 6 7 8 9 10 11 12 13 14 15 16 | 16.3
Maces & Flails | 1 2 3 4 5 6 7 8 9 10 11 12 13 14 15 16 | 16.3
Polearms       | 1 2 3 4 5 6 7 8 9 10 11 12 13 14 15 16 | 16.3
Staves         | 1 2 3 4 5 6 7 8 9 10 11 12 13 14 15 16 | 16.3
Slings         | 1 2 3 4 5 6 7 8 9 10 11 12 13 14 15 16 | 16.3
Bows           | 1 2 3 4 5 6 7 8 9 10 11 12 13 14 15 16 | 16.3
Crossbows      | 1 2 3 4 5 6 7 8 9 10 11 12 13 14 15 16 | 16.3
Throwing       | 1 2 3 4 5 6 7 8 9 10 11 12 13 14 15 16 | 16.3
Armour         | 1 2 3 4 5 6 7 8 9 10 11 12 13 14 15 16 | 16.3
Shields        | 1 2 3 4 5 6 7 8 9 10 11 12 13 14 15 16 | 16.3
Unarmed Combat | 1 2 3 4 5 6 7 8 9 10 11 12 13 14 15 16 | 16.3
Evocations     | 1 2 3 4 5 6 7 8 9 10 11 12 13 14 15 16 | 16.3
Conjurations   | 1 2 3 4 5 6 7 8 9 10 11 12 13 14 | 14.1
Hexes          | 1 2 3 4 5 6 7 8 9 10 11 12 13 14 | 14.1
Charms         | 1 2 3 4 5 6 7 8 9 10 11 12 13 14 | 14.1
Summonings     | 1 2 3 4 5 6 7 8 9 10 11 12 13 14 | 14.1
Necromancy     | 1 2 3 4 5 6 7 8 9 10 11 12 13 14 | 14.1
Translocations | 1 2 3 4 5 6 7 8 9 10 11 12 13 14 | 14.9
Fire Magic     | 1 2 3 4 5 6 7 8 9 10 11 12 13 14 | 14.1
Ice Magic      | 1 2 3 4 5 6 7 8 9 10 11 12 13 14 | 14.1
Air Magic      | 1 2 3 4 5 6 7 8 9 10 11 12 13 14 | 14.1
Poison Magic   | 1 2 3 4 5 6 7 8 9 10 11 12 13 14 | 14.1
Dodging        | 5 6 7 8 9 10 11 12 13 14 15 16 | 16.8
Stealth        | 5 6 7 8 9 10 11 12 13 14 15 16 | 16.7
Earth Magic    | 6 7 8 9 10 11 12 13 14 | 14.9

Action                   |  1- 3 |  4- 6 |  7- 9 | 10-12 | 13-15 | 16-18 | 19-21 | 22-24 | 25-27 || total
-------------------------+-------+-------+-------+-------+-------+-------+-------+-------+-------++-------
Melee: Dagger            |    66 |    76 |       |       |       |       |       |       |       ||   142
       Unarmed           |     5 |       |       |       |       |     3 |    19 |       |       ||    27
       Club              |     5 |       |       |       |       |       |       |       |       ||     5
       Bite              |     7 |    17 |    26 |    73 |   134 |   199 |   235 |   285 |    79 ||  1055
       Short sword       |       |    92 |   267 |   159 |       |       |       |       |       ||   518
       Punch             |       |       |     7 |     3 |     5 |       |       |       |       ||    15
       Trident           |       |       |    24 |   216 |   423 |   253 |   216 |   379 |    29 ||  1540
       Flail             |       |       |       |   155 |     4 |       |       |       |       ||   159
       Falchion          |       |       |       |       |    93 |       |     9 |    53 |       ||   155
       Eveningstar       |       |       |       |       |   467 |   633 |   824 |  1111 |   304 ||  3339
       Demon blade       |       |       |       |       |    62 |   401 |   154 |       |       ||   617
       Broad axe         |       |       |       |       |    18 |     5 |       |       |       ||    23
       Long sword        |       |       |       |       |       |       |       |       |    31 ||    31
 Fire: Shortbow          |       |       |    22 |    14 |       |       |       |       |       ||    36
       Hunting sling     |       |       |     4 |    17 |     5 |       |       |       |       ||    26
Throw: Stone             |    17 |    14 |     3 |     4 |     4 |    13 |       |       |       ||    55
       Tomahawk          |       |       |     3 |    21 |    50 |    35 |    12 |     5 |       ||   126
       Throwing net      |       |       |     1 |       |       |     1 |       |       |       ||     2
 Cast: Sandblast         |    11 |    12 |    13 |    10 |     2 |     4 |    50 |     4 |       ||   106
       Stone Arrow       |       |    10 |    25 |    72 |    84 |    35 |    29 |     1 |       ||   256
       Call Imp          |       |       |    20 |    65 |   115 |    47 |       |       |       ||   247
       Conjure Flame     |       |       |     6 |    23 |    48 |    52 |    72 |    19 |     1 ||   221
       Passwall          |       |       |     1 |     5 |       |       |       |     1 |       ||     7
       Ozocubu's Armour  |       |       |       |    16 |    28 |    15 |    14 |     2 |       ||    75
       Dazzling Spray    |       |       |       |    14 |    14 |       |       |       |       ||    28
       Mephitic Cloud    |       |       |       |    21 |    62 |    16 |    17 |    33 |    13 ||   162
       Shock             |       |       |       |       |   218 |   369 |   255 |    86 |    10 ||   938
       Summon Guardian G |       |       |       |       |    23 |     8 |     6 |     3 |       ||    40
       Summon Lightning  |       |       |       |       |    27 |   107 |    77 |    16 |     4 ||   231
       Throw Frost       |       |       |       |       |    66 |    12 |       |     7 |       ||    85
       Regeneration      |       |       |       |       |    13 |    92 |    74 |    33 |    13 ||   225
       Blink             |       |       |       |       |       |     4 |       |       |       ||     4
       Animate Skeleton  |       |       |       |       |       |    18 |    79 |   163 |    27 ||   287
       Borgnjor's Vile C |       |       |       |       |       |     2 |       |       |       ||     2
       Dispel Undead     |       |       |       |       |       |       |    12 |    10 |     6 ||    28
       Airstrike         |       |       |       |       |       |       |    26 |    36 |     2 ||    64
       Death Channel     |       |       |       |       |       |       |       |    15 |     8 ||    23
Invok: Scrying           |       |       |       |     1 |     1 |     2 |     3 |     6 |     2 ||    15
       Curse Item        |       |       |       |       |       |     5 |     3 |     2 |       ||    10
 Abil: Evoke Invisibilit |       |       |       |     1 |       |       |       |     2 |       ||     3
       Evoke Flight      |       |       |       |       |       |     8 |     1 |     8 |       ||    17
Evoke: Wand              |       |       |       |       |     6 |    19 |     3 |     7 |     6 ||    41
       Crystal ball of e |       |       |       |       |       |     1 |     2 |       |       ||     3
       Phial of floods   |       |       |       |       |       |       |     2 |       |       ||     2
       Lightning rod     |       |       |       |       |       |       |     2 |     2 |       ||     4
       Box of beasts     |       |       |       |       |       |       |     1 |       |       ||     1
  Use: Scroll            |       |     6 |     4 |    11 |    20 |    11 |    14 |     7 |     1 ||    74
       Potion            |       |       |     1 |     5 |     3 |     4 |    10 |       |     5 ||    28
 Stab: Sleeping          |     3 |    14 |    24 |    19 |    14 |    16 |    15 |    20 |     4 ||   129
       Distracted        |       |       |     2 |     4 |    19 |    53 |    21 |    32 |    15 ||   146
       Invisible         |       |       |       |     2 |     3 |       |       |     8 |       ||    13
       Confused          |       |       |       |     7 |    16 |     9 |    18 |    19 |    13 ||    82
       Petrifying        |       |       |       |       |       |     2 |       |       |       ||     2
  Eat: Chunk             |     1 |     9 |     8 |    18 |    23 |    17 |    23 |    28 |     4 ||   131
       Ration            |       |       |     2 |     4 |    10 |    12 |    10 |     7 |     3 ||    48
Armor: Robe              |     7 |     9 |       |       |     3 |       |       |       |       ||    19
       Animal skin       |       |     8 |       |       |       |       |       |       |       ||     8
       Leather armour    |       |    11 |    66 |   110 |   175 |   250 |   145 |       |       ||   757
       Skin              |       |       |       |     2 |       |       |       |     3 |       ||     5
       Ring mail         |       |       |       |       |    24 |       |       |       |       ||    24
       Chain mail        |       |       |       |       |       |       |       |   283 |   109 ||   392
Dodge: Dodged            |    50 |   111 |   217 |   379 |   825 |   653 |   405 |   452 |   144 ||  3236
Block: Buckler           |       |       |       |    74 |   203 |       |       |       |       ||   277
       Shield            |       |       |       |       |   270 |  1329 |  1196 |  1422 |   454 ||  4671
       Reflection        |       |       |       |       |    15 |   130 |    81 |   124 |    12 ||   362
       Rpst.: Falchion   |       |       |       |       |    21 |       |       |     4 |       ||    25
       Scimitar          |       |       |       |       |     3 |       |       |       |       ||     3
       Demon blade       |       |       |       |       |    10 |    52 |     2 |       |       ||    64
       Long sword        |       |       |       |       |       |       |       |       |     8 ||     8

Table legend:
 A = Spawn XP
 B = Non-spawn XP
 C = Spawn XP percentage of total XP
 D = Spawn monster count
 E = Non-spawn monster count
 F = Spawn count percentage of total count
 G = Total turns spent on level
                    A         B        C        D         E        F      G
               +---------+---------+-------+---------+---------+-------+---------
         Total |       0 | 1099673 |   0.0 |       0 |    2472 |   0.0 | 78896
               +---------+---------+-------+---------+---------+-------+---------
           D:1 |       0 |      53 |   0.0 |       0 |      28 |   0.0 |  1093
           D:2 |       0 |     130 |   0.0 |       0 |      34 |   0.0 |  1021
           D:3 |       0 |     266 |   0.0 |       0 |      32 |   0.0 |  1058
           D:4 |       0 |     216 |   0.0 |       0 |      19 |   0.0 |   792
           D:5 |       0 |     178 |   0.0 |       0 |      13 |   0.0 |   812
           D:6 |       0 |     581 |   0.0 |       0 |      18 |   0.0 |  1087
           D:7 |       0 |    2179 |   0.0 |       0 |      19 |   0.0 |  1686
           D:8 |       0 |    1649 |   0.0 |       0 |      30 |   0.0 |   887
           D:9 |       0 |    3105 |   0.0 |       0 |      23 |   0.0 |  1304
          D:10 |       0 |    2963 |   0.0 |       0 |      37 |   0.0 |  1900
          D:11 |       0 |    5567 |   0.0 |       0 |      37 |   0.0 |  2437
          D:12 |       0 |   11600 |   0.0 |       0 |      71 |   0.0 |  3443
          D:13 |       0 |   11909 |   0.0 |       0 |      58 |   0.0 |  1622
          D:14 |       0 |    9527 |   0.0 |       0 |      33 |   0.0 |   915
          D:15 |       0 |   13761 |   0.0 |       0 |      46 |   0.0 |  1156
        Lair:1 |       0 |    4987 |   0.0 |       0 |      41 |   0.0 |  1342
        Lair:2 |       0 |    6555 |   0.0 |       0 |      22 |   0.0 |  1838
        Lair:3 |       0 |    4339 |   0.0 |       0 |      16 |   0.0 |  1131
        Lair:4 |       0 |    6659 |   0.0 |       0 |      32 |   0.0 |  1385
        Lair:5 |       0 |   15377 |   0.0 |       0 |      43 |   0.0 |  1939
        Lair:6 |       0 |   14114 |   0.0 |       0 |      51 |   0.0 |  2208
       Swamp:1 |       0 |    9210 |   0.0 |       0 |      28 |   0.0 |   996
       Swamp:2 |       0 |    9780 |   0.0 |       0 |      37 |   0.0 |  1251
       Swamp:3 |       0 |   15269 |   0.0 |       0 |      39 |   0.0 |  1556
       Swamp:4 |       0 |   26429 |   0.0 |       0 |      73 |   0.0 |  1693
       Snake:1 |       0 |   23552 |   0.0 |       0 |      45 |   0.0 |  2144
       Snake:2 |       0 |   20669 |   0.0 |       0 |      36 |   0.0 |  1698
       Snake:3 |       0 |   25860 |   0.0 |       0 |      52 |   0.0 |  1716
       Snake:4 |       0 |   46702 |   0.0 |       0 |      88 |   0.0 |  2665
       Slime:1 |       0 |   20347 |   0.0 |       0 |      42 |   0.0 |   997
       Slime:2 |       0 |   22037 |   0.0 |       0 |      30 |   0.0 |   527
       Slime:3 |       0 |    9191 |   0.0 |       0 |      10 |   0.0 |   414
       Slime:4 |       0 |   23517 |   0.0 |       0 |      43 |   0.0 |   815
       Slime:5 |       0 |   36324 |   0.0 |       0 |      34 |   0.0 |   757
         Orc:1 |       0 |   12860 |   0.0 |       0 |      79 |   0.0 |  1630
         Orc:2 |       0 |   23967 |   0.0 |       0 |     119 |   0.0 |  3030
         Elf:1 |       0 |   26032 |   0.0 |       0 |      48 |   0.0 |  1675
         Elf:2 |       0 |   31409 |   0.0 |       0 |      54 |   0.0 |  1902
         Elf:3 |       0 |   40716 |   0.0 |       0 |      41 |   0.0 |  2238
      Vaults:1 |       0 |   43153 |   0.0 |       0 |      87 |   0.0 |  2622
      Vaults:2 |       0 |   24225 |   0.0 |       0 |      42 |   0.0 |  1654
      Vaults:3 |       0 |   47085 |   0.0 |       0 |      66 |   0.0 |  1681
      Vaults:4 |       0 |   45811 |   0.0 |       0 |      97 |   0.0 |  2040
      Vaults:5 |       0 |   60067 |   0.0 |       0 |      53 |   0.0 |   309
      Depths:1 |       0 |   63606 |   0.0 |       0 |     105 |   0.0 |  2021
      Depths:2 |       0 |   47079 |   0.0 |       0 |      83 |   0.0 |  1425
      Depths:3 |       0 |   46612 |   0.0 |       0 |      77 |   0.0 |  1861
      Depths:4 |       0 |   72757 |   0.0 |       0 |      75 |   0.0 |  1827
      Depths:5 |       0 |   87966 |   0.0 |       0 |      96 |   0.0 |  1463
         Sewer |       0 |     157 |   0.0 |       0 |       6 |   0.0 |   136
       Ossuary |       0 |     537 |   0.0 |       0 |      37 |   0.0 |   763
       Volcano |       0 |    3723 |   0.0 |       0 |      13 |   0.0 |  1287
        WizLab |       0 |   17309 |   0.0 |       0 |      34 |   0.0 |  1047
               +---------+---------+-------+---------+---------+-------+---------
